 Dungeon Crawl Stone Soup version 0.24.0-123-gd5b16e6ec5 (webtiles) character file.

Game seed: 2572176537178896545, levelgen mode: deterministic

333 mortelune the Skirmisher (level 6, -6/49 HPs)
             Began as a Formicid Abyssal Knight on Dec 21, 2019.
             Was a Believer of Lugonu.
             Killed by divine providence
             ... invoked by an orc priest
              (14 damage)
             ... on level 4 of the Dungeon.
             The game lasted 00:04:28 (3469 turns).

mortelune the Skirmisher (Formicid Abyssal Knight)  Turns: 3469, Time: 00:04:28

Health: -6/49      AC: 10    Str: 19    XL:     6   Next: 82%
Magic:  7/7        EV:  8    Int: 11    God:    Lugonu [**....]
Gold:   235        SH:  0    Dex: 10    Spells: 5/5 levels left

rFire    . . .     SeeInvis +   a - +2 falchion
rCold    . . .     Gourm    .   (no shield)
rNeg     . . .     Faith    .   j - +1 chain mail {rPois}
rPois    +         Spirit   .   (helmet unavailable)
rElec    .         Reflect  .   (no cloak)
rCorr    .         Harm     .   (no gloves)
MR       .....                  (no boots)
Stlth    ..........             (no amulet)
HPRegen  0.16/turn              (no ring)
MPRegen  0.10/turn              (no ring)

@: no status effects
A: permanent stasis, dig shafts and tunnels, four strong arms, antennae 3
a: Dig, Shaft Self, Depart the Abyss, Bend Space, Renounce Religion


You were on level 4 of the Dungeon.
You worshipped Lugonu.
Lugonu was pleased with you.
You were hungry.

You visited 1 branch of the dungeon, and saw 4 of its levels.
You visited the Abyss 1 time.

You collected 235 gold pieces.

Inventory:

Hand Weapons
 a - a +2 falchion (weapon)
Armour
 b - a +0 leather armour
 d - a +0 scale mail
 j - a +1 chain mail of poison resistance (worn)
Scrolls
 e - a scroll of teleportation {unknown}
 h - 4 scrolls of remove curse
 i - 2 scrolls of magic mapping
Potions
 f - 2 potions of brilliance
 g - a potion of heal wounds
 k - a potion of cancellation {unknown}
 l - a potion of agility {unknown}
 m - a potion of magic {unknown}
 n - a potion of degeneration {unknown}
 p - a potion of might
Comestibles
 c - 3 rations
 o - 7 chunks of flesh


   Skills:
 + Level 4.5 Fighting
 * Level 4.4 Long Blades
 + Level 3.7 Armour
 - Level 2.4 Dodging
 + Level 2.5 Invocations


You had 5 spell levels left.
You didn't know any spells.
Your spell library was empty.

Dungeon Overview and Level Annotations

Branches:
Dungeon (4/15)
 Temple: D:4-7

Altars:
Okawaru
Wu Jian
Xom
The Shining One


Innate Abilities, Weirdness & Mutations

You cannot be hasted, slowed, berserked, paralysed or teleported.
You can dig through walls and to a lower floor.
Your four strong arms can wield two-handed weapons with a shield.
You have a pair of large antennae on your head. (SInv)


Message History

You hit the orc priest.
The orc priest is moderately wounded.
The orc priest misses you.
You closely miss the orc priest.
The orc priest is moderately wounded.
The orc priest hits you but does no damage.
You hit the orc priest.
The orc priest is moderately wounded.
The orc priest hits you with a +0 flail!
You slash the orc priest!
The orc priest is almost dead.
The orc priest mumbles some strange prayers to Beogh against you.
Beogh smites you!
* * * LOW HITPOINT WARNING * * *
You are feeling hungry.
Your chain mail prevents you from hitting the orc priest.
The orc priest is almost dead.
The orc priest mumbles some strange prayers to Beogh against you.
Beogh smites you!
You die...

#.###....)............
#. #.#..####.........
#. #.#..## #.........
#. #.#...# ##########
#. #.#..## #.
#....######
#...........
#.##.####### #@##.#
#o#... ..#....
......... ..........#
...........# #.......
.........


You could see an orc priest.

Vanquished Creatures
  3 crimson imps (D:3)
  A centaur skeleton (D:4)
  An orc wizard (D:4)
  An iguana (D:4)
  A worker ant (D:4)
  5 adders
  An adder skeleton (D:2)
  A worm (D:2)
  4 dart slugs
  A leopard gecko (D:2)
  4 orcs (D:4)
  5 giant cockroaches
  11 goblins
  10 hobgoblins
  6 kobolds
  2 quokkas
  7 bats
  4 frilled lizards
  5 rats
73 creatures vanquished.

Notes
Turn   | Place    | Note
-------+----------+-------------------------------------------
     0 | Abyss:1  | mortelune the Formicid Abyssal Knight began the quest for
                  | the Orb.
     0 | Abyss:1  | Reached XP level 1. HP: 18/18 MP: 2/2
    28 | Abyss:1  | Noticed a hellion
    30 | D:1      | Escaped the Abyss
   208 | D:1      | Reached skill level 1 in Dodging
   286 | D:1      | Reached * piety under Lugonu
   383 | D:1      | Reached XP level 2. HP: 17/24 MP: 3/3
  1023 | D:1      | Reached XP level 3. HP: 29/29 MP: 4/4
  1522 | D:2      | Reached XP level 4. HP: 37/37 MP: 5/5
  1649 | D:2      | Reached ** piety under Lugonu
  2433 | D:2      | Found an ornate altar of the Wu Jian Council.
  2433 | D:2      | Found a glowing golden altar of the Shining One.
  2593 | D:3      | Reached XP level 5. HP: 39/42 MP: 6/6
  2944 | D:3      | Found an iron altar of Okawaru.
  2970 | D:3      | Found a shimmering altar of Xom.
  3112 | D:3      | Reached XP level 6. HP: 48/48 MP: 7/7
  3469 | D:4      | Killed from afar by an orc priest

Levels and vault maps discovered:
D:1:      dpeg_arrival_renting, layout_loops_ring, minmay_pentomino_t4
D:2:      layout_loops_cross, gammafunk_temple_overflow_wave
D:3:      layout_rooms, led_xom_imps, marbit_many_paths
D:4:      kennysheep_goblin_castle, layout_basic, first_ration,
          grunt_ministairs_1

Skill      XL: |  1  2  3  4  5 |
---------------+----------------+-----
Dodging        | 1 2 |  2.4
Long Blades    | 3 4 |  4.4
Armour         | 3 |  3.7
Fighting       | 4 |  4.5
Invocations    | |  2.5

Action                   |  1- 3 |  4- 6 || total
-------------------------+-------+-------++-------
Melee: Falchion          |    93 |   161 ||   254
Invok: Depart the Abyss  |     1 |       ||     1
  Use: Potion            |     1 |       ||     1
       Scroll            |       |     7 ||     7
  Eat: Chunk             |     2 |     6 ||     8
Armor: Leather armour    |     6 |       ||     6
       Scale mail        |    24 |    55 ||    79
       Chain mail        |       |    30 ||    30
Dodge: Dodged            |    53 |    75 ||   128
       Rpst.: Falchion   |    14 |    26 ||    40
